 Dungeon Sprint DCSS version 0.32-a0-999-gfa1cc04b1d (webtiles) character file.

Game seed: 15824989637491058265

4041 wilfster70 the Warrior (level 10, -3/115 HPs)
             Began as a Minotaur Fighter on Apr 25, 2024.
             Was an Initiate of Gozag.
             Slain by a komodo dragon (4 damage)
             ... in the Dungeon (Sprint IX: "|||||||||||||||||||||||||||||").
             The game lasted 00:02:50 (676 turns).

wilfster70 the Warrior (Minotaur Fighter)            Turns: 676, Time: 00:02:51

Health: -3/115     AC: 15    Str: 24    XL:     10   Next: 4%
Magic:  9/9        EV: 12    Int:  5    God:    Gozag
Gold:   936        SH:  4    Dex: 11    Spells: 9/9 levels left

rFire   . . .        a - +2 morningstar (heavy)
rCold   . . .        c - +0 buckler
rNeg    . . .        o - +1 chain mail
rPois   .            (helmet restricted)
rElec   .            n - +0 cloak
rCorr   .            m - +0 pair of gloves
SInv    .            (no boots)
Will    .....        (no amulet) Stlth
                     b - +2 ring of evasion
HPRegen 0.39/turn    (no ring)
MPRegen 0.11/turn

%: no teleportation
@: no status effects
A: horns 2, retaliatory headbutt
a: Renounce Religion, Potion Petition, Call Merchant, Bribe Branch


You were in the Dungeon.
You worshipped Gozag.
Gozag was pleased with you.
You visited 1 branch You collected 936 gold pieces.

Inventory:

Hand Weapons
 a - a +2 heavy morningstar (weapon)
Armour
 c - a +0 buckler (worn)
 m - a +0 pair of gloves (worn)
 n - a +0 cloak (worn)
 o - a +1 chain mail (worn)
Jewellery
 b - a +2 ring of evasion (left hand)
Wands
 l - a wand of quicksilver (10)
Scrolls
 j - 2 scrolls of blinking
 k - 2 scrolls of amnesia
 p - a scroll of fear
 q - 6 scrolls of enchant armour
 r - a scroll of fog
Potions
 d - a potion of invisibility
 e - 6 potions of curing
 f - 5 potions of heal wounds
 g - a potion of haste
 h - 4 potions of magic
 i - a potion of berserk rage


   Skills:
 + Level 19.2 Fighting
 - Level 16.0 Maces & Flails
 - Level 10.0 Armour
 - Level 8.0 Dodging
 - Level 3.6 Shields


You had 9 spell levels left.
You didn't know any spells.
Your spell library was empty.

Dungeon Overview and Level Annotations

Branches:
Dungeon (1/1)

Altars:
Cheibriados
Dithmenos
Elyvilon
Fedhas
Gozag
Hepliaklqana
Kikubaaqudgha
Makhleb
Nemelex Xobeh
Okawaru
Qazlal
Ru
Sif Muna
Trog
Uskayaw
Vehumet
Wu Jian
Xom
Yredelemnul
Zin
The Shining One
Beogh
Jiyva
Lugonu


Innate Abilities, Weirdness & Mutations

You have a pair of horns on your head.
You reflexively headbutt those who attack you in melee.


Message History

You see here 396 gold pieces.
You barely miss the rime drake.
The komodo dragon hisses angrily.
The rime drake bites you.
* * * LOW HITPOINT WARNING * * *
The black bear is distracted by your dazzling golden aura.
You closely miss the rime drake.
The komodo dragon is no longer distracted by gold.
The rime drake bites you but does no damage.
The black bear growls angrily.
You pound the rime drake like an anvil!!!
You kill the rime drake!
The ice encasing you melts away.
Your Fighting skill increases to level 19!
You have reached level 10!
You barely miss the komodo dragon. Your headbutt misses the komodo dragon.
The water moccasin is no longer distracted by gold.
The water moccasin is distracted by your dazzling golden aura.
The komodo dragon bites you but does no damage.
The water moccasin hisses angrily.
You impale the komodo dragon!!
The komodo dragon is heavily wounded.
The black bear is no longer distracted by gold.
The komodo dragon bites you!
* * * LOW HITPOINT WARNING * * *
You feel much better.
The komodo dragon hisses menacingly.
The komodo dragon bites you!
* * * LOW HITPOINT WARNING * * *
You feel much better.
The water moccasin is no longer distracted by gold.
The komodo dragon bites you!!
* * * LOW HITPOINT WARNING * * *
You hit the komodo dragon but do no damage.
The komodo dragon is heavily wounded.
The komodo dragon bites you!
* * * LOW HITPOINT WARNING * * *
The komodo dragon bites you.
You die...
Your body crumbles into a pile of gold.

▓.▓.▓.▓
▓.▓.▓)▓
▓.▓.▓|▓
▓'▓.▓.▓
▓_▓.▓.▓
▓_▓.▓.▓
▓_▓.▓.▓
▓_▓.▓.▓
▓_▓.▓@▓
▓_▓.▓l▓
▓_▓.▓S▓
▓_▓.▓h▓
▓_▓.▓.▓
▓_▓.▓.▓
▓_▓.▓.▓
▓_▓.▓.▓
▓_▓.▓


You could see a komodo dragon, a water moccasin and a black bear.

Vanquished Creatures
  2 manticores (D)
  2 ugly things (D)
  A gargoyle (D)
  3 cane toads (D)
  A rime drake (D)
  A slime creature (D)
  A vampire (D)
  A yak (D)
  A wyvern (D)
  A vampire mosquito (D)
  An ogre (D)
  A black bear (D)
  A centaur (D)
  A wight (D)
  A howler monkey (D)
  A hound (D)
  A bombardier beetle (D)
  An adder (D)
  A ribbon worm (D)
  A dart slug (D)
  A ball python (D)
  A kobold (D)
  A quokka (D)
  A rat (D)
28 creatures vanquished.

Notes
Turn   | Place    | Note
-------+----------+-------------------------------------------
     0 | D        | wilfster70 the Minotaur Fighter began the quest for the
                  | Orb.
     0 | D        | Reached XP level 1. HP: 19/19 MP: 0/0
    11 | D        | Reached skill level 4 in Fighting
    11 | D        | Reached skill level 1 in Dodging
    37 | D        | Noticed an ogre
    37 | D        | Noticed a bombardier beetle
    37 | D        | Noticed a hound
    40 | D        | Killed an ogre
    41 | D        | Reached skill level 5 in Fighting
    41 | D        | Reached skill level 5 in Armour
    41 | D        | Reached XP level 2. HP: 17/30 MP: 1/1
    41 | D        | Reached XP level 3. HP: 21/37 MP: 2/2
    41 | D        | Reached XP level 4. HP: 25/44 MP: 3/3
    49 | D        | Reached skill level 6 in Fighting
    53 | D        | Reached XP level 5. HP: 34/51 MP: 4/4
    56 | D        | Reached skill level 5 in Dodging
   105 | D        | Found a roughly hewn altar of Beogh.
   105 | D        | Found a snail-covered altar of Cheibriados.
   105 | D        | Found a shadowy altar of Dithmenos.
   105 | D        | Found a white marble altar of Elyvilon.
   105 | D        | Found a blossoming altar of Fedhas.
   105 | D        | Found an opulent altar of Gozag.
   106 | D        | Found a hazy altar of Hepliaklqana.
   107 | D        | Found a viscous altar of Jiyva.
   108 | D        | Found an ancient bone altar of Kikubaaqudgha.
   109 | D        | Found a corrupted altar of Lugonu.
   110 | D        | Found a burning altar of Makhleb.
   111 | D        | Found a sparkling altar of Nemelex Xobeh.
   112 | D        | Found an iron altar of Okawaru.
   113 | D        | Became a worshipper of Gozag Ym Sagoz the Greedy
   114 | D        | Found a stormy altar of Qazlal.
   117 | D        | Found a sacrificial altar of Ru.
   118 | D        | Found a shimmering blue altar of Sif Muna.
   119 | D        | Found a bloodstained altar of Trog.
   120 | D        | Found a hide-covered altar of Uskayaw.
   121 | D        | Found a radiant altar of Vehumet.
   122 | D        | Found an ornate altar of the Wu Jian Council.
   123 | D        | Found a shimmering altar of Xom.
   124 | D        | Found a basalt altar of Yredelemnul.
   125 | D        | Found a glowing silver altar of Zin.
   126 | D        | Found a glowing golden altar of the Shining One.
   181 | D        | Noticed a yak
   181 | D        | Noticed a gargoyle
   181 | D        | Noticed a centaur
   181 | D        | Noticed a vampire
   191 | D        | Killed a yak
   192 | D        | Reached skill level 7 in Fighting
   192 | D        | Reached skill level 10 in Maces & Flails
   192 | D        | Reached XP level 6. HP: 35/61 MP: 5/5
   195 | D        | Killed a gargoyle
   196 | D        | Reached skill level 9 in Fighting
   196 | D        | Reached XP level 7. HP: 50/70 MP: 6/6
   203 | D        | Killed a vampire
   204 | D        | Reached skill level 10 in Fighting
   206 | D        | Reached skill level 10 in Armour
   339 | D        | Noticed a slime creature
   339 | D        | Noticed a manticore
   339 | D        | Noticed a brown ugly thing
   339 | D        | Noticed a brown ugly thing
   339 | D        | Noticed a manticore
   339 | D        | Noticed a vampire mosquito
   343 | D        | Killed a slime creature
   344 | D        | Reached XP level 8. HP: 73/81 MP: 7/7
   348 | D        | Killed a manticore
   349 | D        | Reached skill level 11 in Fighting
   349 | D        | Reached skill level 15 in Maces & Flails
   351 | D        | Killed a brown ugly thing
   352 | D        | Reached skill level 12 in Fighting
   354 | D        | Killed a brown ugly thing
   355 | D        | Reached skill level 14 in Fighting
   355 | D        | Reached XP level 9. HP: 61/96 MP: 8/8
   357 | D        | Killed a manticore
   358 | D        | Reached skill level 15 in Fighting
   360 | D        | Reached skill level 16 in Fighting
   652 | D        | Noticed a cane toad
   652 | D        | Noticed a cane toad
   652 | D        | Noticed a cane toad
   652 | D        | Noticed a rime drake
   656 | D        | Noticed a komodo dragon
   658 | D        | Killed a cane toad
   659 | D        | Reached skill level 17 in Fighting
   660 | D        | Killed a cane toad
   666 | D        | Killed a cane toad
   667 | D        | Reached skill level 18 in Fighting
   671 | D        | Killed a rime drake
   672 | D        | Reached skill level 19 in Fighting
   672 | D        | Reached XP level 10. HP: 23/115 MP: 9/9
   676 | D        | HP: 1/115 [komodo dragon (12)]
   676 | D        | Slain by a komodo dragon

Illustrated notes

Levels and vault maps discovered:
D:        linesprint [early_d, line_temple, items_1, d_10, items_2, lair_1,
          lair_end, items_3, orc_1, orc_end, items_4, d_15, swamp_1, shoals_1,
          snake_1, spider_1, d_20, vaults_1, items_5, swamp_end, shoals_end,
          snake_end, spider_end, vaults_end, d_27, items_6, zot_1, zot_end,
          crypt_end, forest_end, elf_end, slime_end, tomb_end, abyss_end,
          pan_hell_end]

Skill      XL: |  1  2  3  4  5  6  7  8  9 |
---------------+----------------------------+-----
Maces & Flails | 7 10 11 13 16 | 16.0
Fighting       | 5 6 7 9 10 14 19 | 19.2
Armour         | 5 6 7 9 10 | 10.0
Dodging        | 4 6 7 8 |  8.0
Shields        | |  3.6

Action                     |  1- 3 |  4- 6 |  7- 9 | 10-12 || total
---------------------------+-------+-------+-------+-------++-------
  Melee: Flail             |     9 |    12 |       |       ||    21
         Morningstar       |       |    13 |    42 |     3 ||    58
         Headbutt          |       |     3 |    14 |       ||    17
    Use: Potion            |     1 |     1 |     2 |     2 ||     6
 Armour: Scale mail        |     5 |     4 |       |       ||     9
         Chain mail        |       |    11 |    39 |     6 ||    56
  Dodge: Dodged            |     1 |    10 |    18 |       ||    29
  Block: Buckler           |     2 |     5 |     4 |       ||    11

Table legend: (Time is in decaauts)
 A = Elapsed time spent in this place.
 B = Non-inter-level travel time spent in this place.
 C = Inter-level travel time spent in this place.
 D = Time resting spent in this place.
 E = Time spent auto-exploring this place.
 F = Levels seen in this place.
 G = Mean time per level.
                   A        B        C        D        E       F      G
               +--------+--------+--------+--------+--------+-----+--------+
         Total |    702 |    702 |      0 |    346 |     99 |   1 |  702.0 |
       Dungeon |    702 |    702 |      0 |    346 |     99 |   1 |  702.0 |
               +--------+--------+--------+--------+--------+-----+--------+

Top non-repeatable levels by time:
       D: 702 daAuts
